 Dungeon Crawl Stone Soup version 0.20.1-1-g8b1a95d (webtiles) character file.

15365 Maffolandro the Slicer (level 12, -2/91 (92) HPs)
             Began as a Merfolk Wanderer on July 9, 2017.
             Was a Follower of Uskayaw.
             Killed from afar by a gargoyle (21 damage)
             ... with a stone arrow
             ... in a volcano on Sept 13, 2017.
             The game lasted 01:49:16 (20272 turns).

Maffolandro the Slicer (Merfolk Wanderer)          Turns: 20272, Time: 01:49:16

HP:   -2/91 (92)    AC: 13    Str: 14    XL:     12   Next: 26%
MP:   3/16          EV: 19    Int:  9    God:    Uskayaw [*.....]
Gold: 498           SH:  0    Dex: 19    Spells: 7/11 levels left

rFire    . . .     SeeInvis +   H - +3 rapier
rCold    . . .     Gourm    .   (no shield)
rNeg     . . .     Faith    +   q - +0 ring mail
rPois    .         Spirit   .   (no helmet)
rElec    .         Reflect  .   I - +0 cloak
rCorr    .         Harm     .   (no gloves)
MR       .....                  s - +0 pair of boots
Stlth    ++++......             G - amulet of faith
Regen    0.3/turn               V - +6 ring of protection
MPRegen  0.2/turn               N - ring of see invisible

@: no status effects
A: change form in water, swift swim, stealthy swim
a: Stomp, Renounce Religion


You were in a volcano.
You worshipped Uskayaw.
Uskayaw was noncommittal.
You were hungry.

You visited 3 branches of the dungeon, and saw 13 of its levels.
You also visited: Sewer, Ossuary and Volcano.

You collected 742 gold pieces.
You spent 244 gold pieces at shops.

Inventory:

Hand Weapons
 H - a +3 rapier (weapon)
Missiles
 Q - 3 throwing nets
 R - 20 tomahawks (quivered)
Armour
 q - a +0 ring mail (worn)
 s - a +0 pair of boots (worn)
 I - a +0 cloak (worn)
 M - a +0 buckler
Jewellery
 D - a +3 ring of intelligence
 F - an uncursed amulet of guardian spirit
 G - an amulet of faith (around neck)
 N - a ring of see invisible (right hand)
 V - a +6 ring of protection (left hand)
Wands
 j - a wand of disintegration (6/24)
 w - a wand of confusion (26/48)
 O - a wand of disintegration (16/24)
 U - a wand of paralysis (16/24)
 W - a wand of acid (11/15)
Scrolls
 d - 4 scrolls of blinking
 h - 4 scrolls of remove curse
 i - a scroll of enchant armour
 m - 2 scrolls of recharging {unknown}
 t - 3 scrolls of immolation {unknown}
 u - 3 scrolls of fog
 v - a scroll of teleportation
 y - a scroll of torment
Potions
 e - 2 potions of flight
 k - 2 potions of haste {unknown}
 p - 2 potions of brilliance
 z - 4 potions of heal wounds
 A - 9 potions of curing
 B - a potion of cancellation
 C - a potion of magic
 E - 2 potions of agility
 K - a potion of might
 S - a potion of ambrosia {unknown}
 T - 3 potions of lignification
Comestibles
 f - 9 bread rations
 o - a royal jelly
 x - 8 fruits
 L - 5 meat rations


   Skills:
 - Level 8.1 Fighting
 * Level 14.2 Short Blades
 - Level 1.0 Throwing
 - Level 12.0 Dodging
 + Level 9.5 Stealth
 - Level 3.0 Transmutations
   Level 2.1 Ice Magic
   Level 1.1 Poison Magic
 - Level 6.0 Invocations


You had 7 spell levels left.
You knew the following spells:

 Your Spells              Type           Power        Failure   Level  Hunger
a - Beastly Appendage     Tmut           #.....       24%         1    ##.....
b - Corona                Hex            #......      63%         1    ##.....
c - Sticks to Snakes      Tmut           #.......     36%         2    ###....


Dungeon Overview and Level Annotations

Branches:
Dungeon (10/15)            Temple (1/1) D:5            Lair (2/6) D:10
  Snake (0/4) Lair:2
  Swamp: Lair:2-4    Shoals: Lair:2-4       Orc: D:9-12

Altars:
Ashenzari
Cheibriados
Dithmenos
Elyvilon
Fedhas
Gozag
Hepliaklqana
Kikubaaqudgha
Makhleb
Nemelex Xobeh
Okawaru
Qazlal
Ru
Sif Muna
Trog
Uskayaw
Vehumet
Xom
Yredelemnul
Zin
The Shining One
Jiyva

Shops:
D:4 ?   D:5 [   D:9 (

Annotations:
D:6 1 runed door
Lair:1 exclusion: oklob plant


Message History

Press: ? - help, Dir - move target cursor The gargoyle appears confused.
You feel somewhat more hungry.
You can no longer pass through a line of other dancers.
The gargoyle closely misses you.
Found 19 gold pieces.
You hit the gargoyle but do no damage.
The gargoyle is moderately damaged.
You hit the gargoyle but do no damage.
The gargoyle is moderately damaged.
The gargoyle seems less confused.
You hit the gargoyle but do no damage.
The gargoyle is moderately damaged.
The gargoyle hits you but does no damage.
You hit the gargoyle but do no damage.
The gargoyle is moderately damaged.
You hit the gargoyle but do no damage.
The gargoyle is moderately damaged.
The gargoyle hurls a stone arrow at you.
The stone arrow hits you!
You die...

.## ..### #### ....###
...# ......### ##.∩.###
§§§.....########......##
§§........#.##..........
§≈≈≈§.§§...§.###.#..#.##
§§≈≈≈≈≈§...§§..9......#
§§≈§≈§§§..§§§###@#..#.##
§§≈§§≈§.§.#.##..........
§§§§≈≈§≈..######......##
§§§§≈≈≈§≈## ##.##.##
§≈≈≈≈≈≈# .# Z# ≈§≈≈≈# .#
# ≈≈## .# .# $#


You could see a gargoyle.

Vanquished Creatures
  A two-headed ogre (D:10)
  A skeletal warrior (Volcano)
  Pikel (D:5)
  An anaconda skeleton (Volcano)
  An elephant (Lair:1)
  A black mamba (Lair:1)
  3 spiny frogs (Lair:1)
  A gargoyle (Volcano)
  A komodo dragon (Lair:1)
  A polar bear (Lair:2)
  2 trolls (D:9)
  A harpy skeleton (Volcano)
  5 blink frogs (Lair:1)
  6 hippogriffs
  A flying skull (Volcano)
  A vampire (D:10)
  A spriggan (Lair:2)
  3 wyverns
  4 yaks (Lair:1)
  A wraith (D:9)
  2 basilisks (Lair:1)
  A hungry ghost (D:8)
  5 water moccasins (Lair:1)
  A naga (Lair:2)
  4 porcupines
  2 hornet zombies
  5 ogres
  2 ice beasts
  2 orc warriors (D:9)
  A necrophage (D:7)
  2 phantoms
  3 black bears
  A slave (D:6)
  3 wolves (Lair:2)
  2 centaurs (D:8)
  A crocodile (Lair:1)
  Blork the orc (D:6)
  8 bullfrogs
  3 elf zombies (Ossuary)
  4 scorpions
  A killer bee (D:10)
  A wight (D:5)
  4 jellies
  A bullfrog zombie (D:10)
  A centaur zombie (Ossuary)
  4 crimson imps
  A quasit (D:5)
  2 bullfrog skeletons
  3 hounds
  8 orc priests
  2 human zombies (Ossuary)
  3 orc wizards
  5 iguanas
  Ijyb (D:3)
  8 worker ants
  A naga skeleton (Volcano)
  3 hound skeletons
  2 mummies (Ossuary)
  2 worker ant zombies
  13 gnolls
  A howler monkey skeleton (D:5)
  17 adders
  2 shadow imps
  An ooze (D:4)
  An adder zombie (Ossuary)
  An adder skeleton (D:5)
  2 worms
  5 dart slugs
  3 leopard geckos
  21 orcs
  4 ball pythons
  3 giant cockroaches
  6 goblins
  9 hobgoblins
  20 jackals
  5 quokkas
  6 bats
  12 frilled lizards
  A goblin zombie (Ossuary)
  13 hobgoblin zombies (Ossuary)
  2 jackal skeletons
  13 kobolds
  9 kobold zombies (Ossuary)
  5 orc zombies (Ossuary)
  A quokka skeleton (D:7)
  A quokka zombie (D:5)
  12 rats
  2 rat zombies (Ossuary)
334 creatures vanquished.

Vanquished Creatures (collateral kills)
  A death yak (D:9)
1 creature vanquished.

Vanquished Creatures (others)
  A flying skull (Volcano)
  A crimson imp (D:6)
  An adder (D:6)
  A leopard gecko (D:6)
  2 orcs (D:8)
  A fungus (Lair:1)
  3 plants
10 creatures vanquished.

Grand Total: 345 creatures vanquished

Notes
Turn   | Place    | Note
-------+----------+-------------------------------------------
     0 | D:1      | Maffolandro the Merfolk Wanderer began the quest for the Orb.
     0 | D:1      | Maffolandro set off with: a +2 dagger, a scroll of blinking, Loaxzeg's Incunabulum of Transmutation, a +0 short sword, a +0 robe, a bread ration
     0 | D:1      | Reached XP level 1. HP: 15/15 MP: 1/1
     0 | D:1      | Identified Loaxzeg's Incunabulum of Transmutation
   240 | D:1      | Reached skill level 3 in Short Blades
   488 | D:1      | Reached XP level 2. HP: 15/21 MP: 2/2
   827 | D:1      | Learned a level 1 spell: Beastly Appendage
  1321 | D:1      | Reached skill level 1 in Transmutations
  1438 | D:1      | Reached XP level 3. HP: 21/26 MP: 1/3
  1638 | D:1      | Reached skill level 4 in Short Blades
  2746 | D:2      | Reached XP level 4. HP: 19/32 MP: 2/4
  3947 | D:3      | Noticed Ijyb
  3949 | D:3      | Killed Ijyb
  3949 | D:3      | Reached skill level 5 in Short Blades
  3949 | D:3      | Reached XP level 5. HP: 37/37 MP: 5/5
  4595 | D:3      | Reached skill level 6 in Short Blades
  4929 | D:4      | Noticed an ogre
  4987 | D:4      | Found Neosm's Magic Scroll Shop.
  4988 | D:4      | Found a glowing silver altar of Zin.
  4994 | D:4      | Bought a scroll of enchant weapon for 90 gold pieces
  4994 | D:4      | Bought a scroll of remove curse for 36 gold pieces
  4994 | D:4      | Bought a scroll of fog for 24 gold pieces
  4994 | D:4      | Bought a scroll of fear for 42 gold pieces
  5137 | D:4      | Found a glowing drain.
  5142 | Sewer    | Entered a sewer
  5523 | Sewer    | Reached XP level 6. HP: 43/43 MP: 6/6
  6509 | D:5      | Entered Level 5 of the Dungeon
  6673 | D:5      | Found a sand-covered staircase.
  6689 | Ossuary  | Entered an ossuary
  7552 | Ossuary  | Reached skill level 7 in Short Blades
  7729 | Ossuary  | Reached XP level 7. HP: 37/51 MP: 7/7
  8219 | D:5      | Found Vauclugu's Armour Boutique.
  8446 | D:5      | Found a staircase to the Ecumenical Temple.
  8773 | D:5      | Reached skill level 8 in Short Blades
  8917 | Temple   | Entered the Ecumenical Temple
  8987 | Temple   | Became a worshipper of Uskayaw the Reveler
  9024 | D:5      | Reached * piety under Uskayaw
  9081 | D:5      | Reached ** piety under Uskayaw
  9086 | D:5      | Reached *** piety under Uskayaw
  9307 | D:5      | Reached skill level 9 in Short Blades
  9307 | D:5      | Reached XP level 8. HP: 44/60 MP: 6/8
  9307 | D:5      | Reached **** piety under Uskayaw
  9827 | D:5      | Found a burning altar of Makhleb.
 10031 | D:4      | Found a sparkling altar of Nemelex Xobeh.
 10183 | D:4      | Reached skill level 10 in Short Blades
 10744 | D:6      | Noticed Pikel
 10968 | D:5      | Killed Pikel
 10968 | D:5      | Reached skill level 5 in Fighting
 10968 | D:5      | Reached XP level 9. HP: 50/68 MP: 9/9
 11132 | D:6      | Noticed Blork the orc
 11169 | D:6      | Killed Blork the orc
 11471 | D:6      | Found a runed door.
 11714 | D:6      | Reached ***** piety under Uskayaw
 12633 | D:7      | Reached skill level 1 in Invocations
 12807 | D:7      | Found an opulent altar of Gozag.
 12810 | D:7      | Found a basalt altar of Yredelemnul.
 12840 | D:7      | Found a sacrificial altar of Ru.
 13908 | D:8      | Reached skill level 10 in Dodging
 13908 | D:8      | Reached XP level 10. HP: 69/78 MP: 10/12
 13943 | D:8      | Found a radiant altar of Vehumet.
 14015 | D:8      | Learned a level 1 spell: Corona
 14531 | D:9      | Found Pon Lek's Weapon Emporium.
 14539 | D:9      | Bought a +0 rapier for 52 gold pieces
 14626 | D:9      | Found an ancient bone altar of Kikubaaqudgha.
 15287 | D:9      | Reached skill level 5 in Stealth
 15413 | D:9      | Found a stormy altar of Qazlal.
 15549 | D:9      | Found a deep blue altar of Sif Muna.
 15952 | D:10     | Entered Level 10 of the Dungeon
 16042 | D:10     | Noticed a death yak
 16078 | D:9      | Killed a death yak
 16078 | D:9      | Reached skill level 5 in Invocations
 16329 | D:10     | Noticed a death yak
 16330 | D:10     | Noticed a death yak
 16862 | D:10     | Reached XP level 11. HP: 85/85 MP: 14/14
 16978 | D:10     | Found a staircase to the Lair.
 17011 | D:10     | Noticed a two-headed ogre
 17043 | D:10     | Killed a two-headed ogre
 17043 | D:10     | Reached skill level 11 in Short Blades
 17468 | Lair:1   | Entered Level 1 of the Lair of Beasts
 17468 | Lair:1   | Noticed an oklob plant
 17934 | Lair:1   | Reached skill level 12 in Short Blades
 17934 | Lair:1   | Reached ****** piety under Uskayaw
 18937 | Lair:1   | Reached skill level 13 in Short Blades
 19028 | Lair:1   | Learned a level 2 spell: Sticks to Snakes
 19424 | Lair:2   | Found a staircase to the Snake Pit.
 19539 | Lair:2   | Reached XP level 12. HP: 58/91 MP: 16/16
 19572 | Lair:2   | Noticed a seven-headed hydra
 20025 | Lair:2   | Found a dark tunnel.
 20041 | Volcano  | Entered a volcano
 20216 | Volcano  | Reached skill level 14 in Short Blades
 20272 | Volcano  | Killed from afar by a gargoyle

Skill      XL: |  1  2  3  4  5  6  7  8  9 10 11 12 |
---------------+-------------------------------------+-----
Short Blades   | 3 4 5 6 7 9 10 13 14 | 14.2
Transmutations | 1 2 3 |  3.0
Stealth        | 4 6 8 9 |  9.5
Fighting       | 2 4 5 7 8 |  8.1
Dodging        | 6 10 11 12 | 12.0
Invocations    | 3 5 6 |  6.0
Throwing       | |  1.0
Ice Magic      | |  2.1
Poison Magic   | |  1.1

Action                   |  1- 3 |  4- 6 |  7- 9 | 10-12 || total
-------------------------+-------+-------+-------+-------++-------
Melee: Dagger            |   167 |   377 |   672 |    75 ||  1291
       Headbutt          |    10 |    30 |    91 |   124 ||   255
       Tailslap          |       |    24 |       |       ||    24
       Short sword       |       |    42 |       |       ||    42
       Rapier            |       |       |       |   726 ||   726
Throw: Stone             |     1 |       |     6 |       ||     7
       Tomahawk          |       |       |       |     3 ||     3
 Cast: Beastly Appendage |    15 |    20 |    42 |    44 ||   121
       Corona            |       |       |       |     3 ||     3
Invok: Stomp             |       |       |     6 |     8 ||    14
       Line Pass         |       |       |     2 |     4 ||     6
  Use: Scroll            |       |     9 |     5 |    11 ||    25
       Potion            |       |     1 |       |     1 ||     2
 Stab: Sleeping          |     1 |    11 |    15 |     3 ||    30
       Paralysed         |       |       |    13 |    31 ||    44
       Distracted        |       |       |     1 |     1 ||     2
       Confused          |       |       |       |     1 ||     1
  Eat: Chunk             |     7 |    12 |    19 |    22 ||    60
       Fruit             |       |     1 |     1 |     1 ||     3
       Royal jelly       |       |     1 |       |     2 ||     3
       Meat ration       |       |       |     1 |       ||     1
Armor: Robe              |    19 |       |       |       ||    19
       Leather armour    |    15 |    54 |    81 |     4 ||   154
       Ring mail         |       |       |       |   146 ||   146
       Skin              |       |       |       |     6 ||     6
Dodge: Dodged            |    68 |   108 |   266 |   485 ||   927
